 Dungeon Crawl Stone Soup version 0.31-a0-441-g867994ef1c (webtiles) character file.

Game seed: 12910530545037347926

268 arthad the Firebug (level 6, 0/32 HPs)
             Began as a Gargoyle Fire Elementalist on Aug 2, 2023.
             Slain by Maggie
             ... wielding a +0 glaive of flaming
              (1 damage)
             ... on level 6 of the Dungeon.
             The game lasted 00:07:53 (3883 turns).

arthad the Firebug (Gargoyle Fire Elementalist)     Turns: 3883, Time: 00:07:53

Health: 0/32       AC:  6    Str: 12    XL:     6   Next: 21%
Magic:  1/10       EV: 12    Int: 17    God:
Gold:   236        SH:  0    Dex: 10    Spells: 2/11 levels left

rFire   . . .        (no weapon)
rCold   . . .        (no shield)
rNeg    + . .        a - +0 robe
rPois   ∞            (no helmet)
rElec   +            (no cloak)
rCorr   .            (no gloves)
SInv    .            (no boots)
Will    .....        (no amulet)
Stlth   ++           h - ring of wizardry
HPRegen 0.25/turn    (no ring)
MPRegen 0.12/turn

%: wizardry (x1)
@: mesmerised
A: sickness immunity, AC +4, negative energy resistance 1, electricity
resistance, torment resistance 1, petrification resistance
a: no special abilities


You were on level 6 of the Dungeon.
You visited 1 branch of the dungeon, and saw 6 of its levels.

You collected 236 gold pieces.

Inventory:

Hand Weapons
 m - a +0 morningstar
 r - a +1 whip of pain
Missiles
 n - 5 poisoned darts
Armour
 a - a +0 robe (worn)
Jewellery
 h - a ring of wizardry (left hand)
Scrolls
 d - a scroll of fear {unknown}
 e - 3 scrolls of amnesia {unknown}
 g - 4 scrolls of identify {unknown}
 j - a scroll of silence {unknown}
 k - a scroll of vulnerability {unknown}
 p - a scroll of enchant weapon {unknown}
 q - a scroll of torment {unknown}
 s - a scroll of fog {unknown}
 t - a scroll of brand weapon {unknown}
 v - a scroll of teleportation {unknown}
Potions
 b - a potion of magic
 c - a potion of brilliance {unknown}
 f - a potion of curing
 i - 2 potions of enlightenment {unknown}
 l - 3 potions of berserk rage {unknown}
 o - 2 potions of invisibility {unknown}
 u - a potion of mutation {unknown}


   Skills:
 + Level 2.7 Dodging
 + Level 3.8 Stealth
 + Level 3.1 Spellcasting
 + Level 3.0 Conjurations
 + Level 4.0 Fire Magic


You had 2 spell levels left.
You knew the following spells:

 Your Spells              Type           Power      Damage    Failure   Level
a - Foxfire               Conj/Fire      56%        2x1d6     1%          1
b - Scorch                Fire           32%        2d6       1%          2
c - Inner Flame           Hex/Fire       9%         N/A       9%          3
d - Volatile Blastmotes   Fire/Tloc      18%        2d11      9%          3

Your spell library contained the following spells:

 Spells                   Type           Power      Damage    Failure   Level
 Slow                     Hex            8%         N/A       7%          1
 Flame Wave               Conj/Fire      14%        2d6       16%         4
 Sticky Flame             Conj/Fire      14%        2d4       16%         4
 Confusing Touch          Hex            2%         N/A       21%         3
 Vampiric Draining        Necr           2%         2d6       21%         3


Dungeon Overview and Level Annotations

Branches:
Dungeon (7/15)
 Temple: D:4-7

Altars:
Okawaru
Trog
Uskayaw

Shops:
D:2 [

Annotations:
D:3 2 runed translucent doors
D:6 Maggie


Innate Abilities, Weirdness & Mutations

You are immune to sickness and miasma.
Your stone body is resilient. (AC +4)
You are immune to poison.
You resist negative energy. (rN+)
You are resistant to electric shocks. (rElec)
You are resistant to unholy torment.
You are immune to petrification.


Message History

Casting: Scorch (safe; 1% risk of failure)
Confirm with . or Enter, or press ? or * to list all spells.
Flames lash Maggie.
Maggie is heavily wounded.
Maggie's fire resistance burns away.
Maggie barely misses you.
You conjure some foxfire!
Maggie closely misses you.
Casting: Foxfire (safe; 1% risk of failure)
Confirm with . or Enter, or press ? or * to list all spells.
Flames lash Maggie.
Maggie is burned terribly!
Maggie is severely wounded.
The foxfire hits Maggie.
Maggie is burned terribly!
Maggie is almost dead.
The foxfire hits Maggie.
Maggie is almost dead.
Maggie casts a spell.
Maggie attempts to bespell you!
You are mesmerised by Maggie!
You conjure some foxfire!
Maggie hits you from afar with a +0 glaive of flaming!
* * * LOW HITPOINT WARNING * * *
Maggie burns you.
* * * LOW HITPOINT WARNING * * *
Casting: Foxfire (safe; 1% risk of failure)
Confirm with . or Enter, or press ? or * to list all spells.
Flames lash Maggie but do no damage.
The foxfire hits Maggie.
Maggie is burned terribly!
Maggie is almost dead.
The foxfire hits Maggie but does no damage.
Maggie is almost dead.
Maggie barely misses you.
It was a potion of curing.
You feel better.
Maggie hits you from afar with a +0 glaive of flaming.
* * * LOW HITPOINT WARNING * * *
Maggie burns you.
* * * LOW HITPOINT WARNING * * *
You feel better.
Maggie hits you from afar with a +0 glaive of flaming!
* * * LOW HITPOINT WARNING * * *
Maggie burns you.
You die...

##.#.. ...
..... ....
#.#.###.....
####.#......#
#.......#
.#.....>.#
........@+
.........#
........@#
...###...# ..
#...# . #####


You could see Maggie (mesmerising, combustible).

Vanquished Creatures
  A bullfrog (D:7)
  2 jellies
  A hound (D:4)
  An iguana (D:7)
  An adder (D:3)
  A worm (D:2)
  6 dart slugs
  An orc (D:3)
  4 ball pythons
  4 endoplasms
  2 giant cockroaches
  7 hobgoblins
  2 jackals (D:1)
  9 kobolds
  5 quokkas
  7 bats
  3 frilled lizards
  5 goblins
  6 rats
68 creatures vanquished.

Vanquished Creatures (collateral kills)
  A foxfire (D:1)
1 creature vanquished.

Vanquished Creatures (others)
  223 foxfires
223 creatures vanquished.

Grand Total: 292 creatures vanquished

Notes
Turn   | Place    | Note
-------+----------+-------------------------------------------
     0 | D:1      | arthad the Gargoyle Fire Elementalist began the quest for
                  | the Orb.
     0 | D:1      | Reached XP level 1. HP: 10/10 MP: 3/3
   179 | D:1      | Reached XP level 2. HP: 15/15 MP: 0/5
   402 | D:1      | Learned a level 2 spell: Scorch
   538 | D:1      | Reached XP level 3. HP: 19/19 MP: 4/6
  1110 | D:1      | Learned a level 3 spell: Inner Flame
  1806 | D:2      | Found Wyevvut's Antique Armour Shoppe.
  1990 | D:2      | Reached XP level 4. HP: 24/24 MP: 4/7
  2643 | D:3      | Found a bloodstained altar of Trog.
  2789 | D:3      | Found a hide-covered altar of Uskayaw.
  2926 | D:3      | Found a large runed translucent door.
  2927 | D:3      | Found a large runed translucent door.
  2934 | D:3      | Reached XP level 5. HP: 28/28 MP: 4/9
  3038 | D:3      | Found an iron altar of Okawaru.
  3422 | D:4      | Learned a level 3 spell: Volatile Blastmotes
  3730 | D:4      | You fall into a shaft and drop 3 floors!
  3819 | D:7      | Reached XP level 6. HP: 32/32 MP: 5/10
  3861 | D:6      | Noticed Maggie
  3862 | D:6      | Reached skill level 4 in Fire Magic
  3883 | D:6      | HP: 1/32 [Maggie/+0 glaive of flaming (11)]
  3883 | D:6      | Slain by Maggie

Illustrated notes

Levels and vault maps discovered:
D:1:      psy_arrival_conway, layout_basic, minmay_fountain_box, hex_large
D:2:      minmay_general_purpose_star, layout_basic, serial_shops,
          nicolae_shop_real_fake_doors, patterned_corridor
D:3:      layout_basic, amcnicky_altar_gilded,
          nicolae_uskayaw_murder_on_the_dancefloor, jmf_multi_god_temple2,
          trog_three_pillars_becter
D:4:      layout_basic, chequers_hall_statues_wall_a
D:6:      layout_basic, mainiacjoe_overflow_chevrons,
          minmay_temple_entry_arrows, ebering_ghost_disaster_area,
          dk_noncrumbling_2, minmay_crystal_water, uniq_maggie
D:7:      layout_rooms, uniq_menkaure, uniq_pikel

Skill      XL: |  1  2  3  4  5  6 |
---------------+-------------------+-----
Dodging        | 2 |  2.7
Conjurations   | 2 3 |  3.0
Stealth        | 3 |  3.8
Spellcasting   | 3 |  3.1
Fire Magic     | 4 |  4.0

Action                     |  1- 3 |  4- 6 || total
---------------------------+-------+-------++-------
  Melee: Unarmed           |    24 |       ||    24
   Cast: Foxfire           |    64 |    64 ||   128
         Scorch            |     3 |     9 ||    12
    Use: Potion            |       |     3 ||     3
 Armour: Robe              |    13 |     1 ||    14
  Dodge: Dodged            |    27 |    13 ||    40

Table legend: (Time is in decaauts)
 A = Elapsed time spent in this place.
 B = Non-inter-level travel time spent in this place.
 C = Inter-level travel time spent in this place.
 D = Time resting spent in this place.
 E = Time spent auto-exploring this place.
 F = Levels seen in this place.
 G = Mean time per level.
                   A        B        C        D        E       F      G
               +--------+--------+--------+--------+--------+-----+--------+
         Total |   3885 |   3806 |     79 |      4 |   3323 |   6 |  647.5 |
       Dungeon |   3885 |   3806 |     79 |      4 |   3323 |   6 |  647.5 |
               +--------+--------+--------+--------+--------+-----+--------+

Top non-repeatable levels by time:
     D:1: 1153 daAuts
     D:2: 1130 daAuts
     D:3: 929 daAuts
     D:4: 519 daAuts
     D:7: 90 daAuts
     D:6: 61 daAuts
